 Dungeon Crawl Stone Soup version 0.27.1-1-g398f81649c (webtiles) character file.

Game seed: 10746298192688624580

62 Amplified the Chopper (level 3, -3/32 HPs)
             Began as a Palentonga Monk on Sept 6, 2021.
             Slain by an orc (4 damage)
             ... on level 3 of the Dungeon.
             The game lasted 00:02:37 (1950 turns).

Amplified the Chopper (Palentonga Monk)             Turns: 1950, Time: 00:02:38

Health: -3/32      AC:  5    Str: 14    XL:     3   Next: 85%
Magic:  3/3        EV: 10    Int: 17    God:
Gold:   160        SH:  0    Dex: 12    Spells: 2/3 levels left

rFire    . . .     SeeInvis +   a - +0 hand axe (elec)
rCold    . . .     Faith    .   (no shield)
rNeg     . . .     Spirit   .   b - +0 robe
rPois    .         Reflect  .   f - +0 helmet
rElec    .         Harm     .   (no cloak)
rCorr    .         Rampage  .   (no gloves)
Will     .....                  (no barding)
Stlth    ++........             (no amulet)
HPRegen  0.10/turn              c - +6 ring of intelligence
MPRegen  0.08/turn              (no ring)

@: lethally poisoned (-3 -> -6)
A: large, rugged brown scales 3, see invisible, deformed body, roll 1, armoured
tail
a: Rolling Charge


You were on level 3 of the Dungeon.
You visited 1 branch of the dungeon, and saw 4 of its levels.

You collected 160 gold pieces.

Inventory:

Hand Weapons
 a - a +0 hand axe of electrocution (weapon)
Armour
 b - a +0 robe (worn)
 f - a +0 helmet (worn)
Magical Staves
 i - a staff of death
Jewellery
 c - a +6 ring of intelligence (left hand)
 d - a +6 ring of dexterity
Scrolls
 e - a scroll of fog
Potions
 g - a potion of might {unknown}
 h - a potion of mutation {unknown}


   Skills:
 * Level 3.7 Fighting
 * Level 3.8 Axes
 - Level 0.4 Armour
 - Level 2.4 Dodging
 - Level 1.2 Stealth
 * Level 0.6 Spellcasting
 * Level 0.5 Air Magic


You had 2 spell levels left.
You knew the following spells:

 Your Spells              Type           Power      Damage    Failure   Level
a - Shock                 Conj/Air       4%         1d3       21%         1

Your spell library contained the following spells:

 Spells                   Type           Power      Damage    Failure   Level
 Static Discharge         Conj/Air       1%         N/A       30%         2
 Teleport Other           Tloc           0%         N/A       56%         3
 Dispel Undead            Necr           0%         3d6       92%         4
 Sticky Flame             Conj/Fire      0%         2d3       92%         4
 Storm Form               Tmut/Air       0%         N/A       100%        7


Dungeon Overview and Level Annotations

Branches:
Dungeon (4/15)
 Temple: D:4-7

Altars:


Innate Abilities, Weirdness & Mutations

You are completely covered in rugged brown scales. (AC +3, +7% HP)
You have supernaturally acute eyesight. (SInv)
Armour fits poorly on your strangely shaped body.
You can roll at nearby foes to attack.
You have a long armoured tail.


Message History

No target in view!
HP restored.
An orc comes into view. It is wielding a +0 flail.
An orc is nearby!
An orc is nearby!
An orc is nearby! 4 orcs and an orc priest come into view.
The orc shouts! x2
An orc comes into view. It is wielding a +0 club.
Found a glowing copper wand.
The orc shouts!
A kobold comes into view. It is wielding a +0 dagger.
The orc priest invokes the aid of Beogh against you.
Beogh smites you!
Found 15 gold pieces.
The orc completely misses you. The orc closely misses you.
Unknown command.
The orc closely misses you.
There is a stone staircase leading down here.
You climb downwards.
You hear the sound of rushing water.
There is an entrance to a sewer on this level.
Hurry and find it before the portal rusts away!
The killer bee buzzes angrily. x4; The goblin shouts!
The killer bee buzzes angrily.
Found 14 gold pieces.
There is a stone staircase leading up here.
Okay, then.
Okay, then.
Okay, then.
The killer bee stings you.
You are poisoned.
The killer bee poisons you! The killer bee misses you.
The killer bee closely misses you.
The killer bee stings you but does no damage.
The killer bee stings you. The killer bee stings you!
* * * LOW HITPOINT WARNING * * *
You climb upwards.
* * * LOW HITPOINT WARNING * * *
You feel sick. The orc hits you with a +0 flail.
You die...

#####..... ..........
.##. .# # .......#.#
.##.####.##.
...#..#.##......##.#..
....#...# #...##.#.8
#......# #.....#..
##..oo..# #.....#o.
#.o@y...####.....#.o
###..yy....o##†.o..#o8
...<.......#.##.o...#..
.....#......#..o####..Ko
............###.# ###..
......#.....###.#### #.#
......#............# #.#
......#.................
....#..............##.


You could see 3 killer bees, an orc priest and 3 orcs.

Vanquished Creatures
  An adder (D:2)
  2 dart slugs (D:1)
  6 bats
  6 endoplasms
  3 giant cockroaches
  5 goblins
  8 hobgoblins
  A quokka (D:2)
  A ball python (D:2)
  4 frilled lizards
  3 kobolds (D:2)
  5 rats
45 creatures vanquished.

Vanquished Creatures (others)
  4 plants (D:1)
4 creatures vanquished.

Grand Total: 49 creatures vanquished

Notes
Turn   | Place    | Note
-------+----------+-------------------------------------------
     0 | D:1      | Amplified the Palentonga Monk began the quest for the Orb.
     0 | D:1      | Reached XP level 1. HP: 19/19 MP: 1/1
   482 | D:1      | Reached XP level 2. HP: 25/25 MP: 2/2
   496 | D:1      | Found a faded altar of an unknown god.
  1056 | D:1      | Got the Grimoire of Instinct
  1059 | D:1      | Learned a level 1 spell: Shock
  1097 | D:1      | Reached XP level 3. HP: 31/31 MP: 3/3
  1948 | D:4      | Noticed a killer bee
  1948 | D:4      | Noticed a killer bee
  1948 | D:4      | Noticed a killer bee
  1948 | D:4      | Noticed a killer bee
  1948 | D:4      | Noticed a killer bee
  1950 | D:3      | HP: 1/32 [poisoned by a killer bee]
  1950 | D:3      | Slain by an orc

Illustrated notes

Levels and vault maps discovered:
D:1:      amcnicky_arrival_wind_blow, layout_basic,
          shapermc_ecumenical_altar_ellora, serial_bayou_pond_a,
          chequers_decorated_corner
D:2:      layout_basic
D:3:      cheibrodos_pilgrimage, layout_rooms, kennysheep_generic_room_7
D:4:      minmay_chambers_of_twos, layout_loops_ring, hangedman_ru_absence,
          minmay_temple_entry_crystal_x, portal_sewer_entry_d, uniq_pikel

Action                   || total
-------------------------++-------
Melee: Hand axe          ||   103
       Tailslap          ||     6
 Abil: Rolling Charge    ||     5
  Use: Scroll            ||     5
 Stab: Sleeping          ||     2
Armor: Robe              ||    46
Dodge: Dodged            ||    51
